 Dungeon Crawl Stone Soup version 0.32-a0-576-g706899e69d (webtiles) character file.

Game seed: 7306599591883666539

59217 BeKind the Tortoise (level 14, -1/135 HPs)
             Began as a Minotaur Fighter on Mar 2, 2024.
             Was an Initiate of Gozag.
             Slain by a kraken (23 damage)
             ... on level 1 of the Shoals.
             The game lasted 00:31:30 (19022 turns).

BeKind the Tortoise (Minotaur Fighter)             Turns: 19022, Time: 00:31:32

Health: -1/135     AC: 24    Str: 25    XL:     14   Next: 52%
Magic:  4/4        EV:  9    Int:  5    God:    Gozag
Gold:   288        SH: 18    Dex: 11    Spells: 13/13 levels left

rFire   + . .        q - +3 trident (heavy)
rCold   + + +        I - +0 kite shield
rNeg    + . .        Y - +0 plate armour "Xeabri" {rF+ rC+ rN+}
rPois   .            (helmet restricted)
rElec   .            D - +0 cloak
rCorr   +            U - +0 pair of gloves
SInv    .            (no boots)
Will    +....        j - amulet "Zouzuydo" {Reflect rC++ Regen+ rCorr MP-9 SH+5} Stlth
                     L - +4 ring of protection
HPRegen 1.22/turn    M - ring of flight
MPRegen 0.09/turn

%: reflection
@: flying, studying Dodging
A: horns 2, retaliatory headbutt
a: Renounce Religion, Potion Petition, Call Merchant, Bribe Branch


You were on level 1 of the Shoals.
You worshipped Gozag.
Gozag was aware of your devotion.
You visited 4 branches of the dungeon, and saw 20 of its levels.
You also visited: Volcano.

You collected 5056 gold pieces.
You spent 672 gold pieces at shops.
You paid 4096 gold pieces to Gozag.

Inventory:

Hand Weapons
 a - a +0 trident
 q - a +3 heavy trident (weapon)
 z - a +2 spear
Missiles
 w - 4 silver javelins (quivered)
Armour
 u - a +0 plate armour
 D - a +0 cloak (worn)
 I - a +0 kite shield (worn)
 Q - +0 ice dragon scales
 U - a +0 pair of gloves (worn)
 W - a +3 plate armour of willpower
 Y - the +0 plate armour "Xeabri" (worn) {rF+ rC+ rN+}
   (You bought it in a shop on level 2 of the Lair of Beasts)

   rF+:       It protects you from fire.
   rC+:       It protects you from cold.
   rN+:       It protects you from negative energy.
Jewellery
 d - a ring of magical power
 j - the amulet "Zouzuydo" (around neck) {Reflect rC++ Regen+ rCorr MP-9 SH+5}
   (You found it on level 7 of the Dungeon)

   [amulet of reflection]

   Reflect:   It reflects blocked missile attacks.
   rC++:      It greatly protects you from cold.
   MP-9:      It affects your magic capacity (-9).
   Regen+:    It increases your rate of health regeneration.
   rCorr:     It protects you from acid and corrosion.
   SH+5:      It affects your SH (+5).
 v - an amulet of magic regeneration
 L - a +4 ring of protection (left hand)
 M - a ring of flight (right hand)
 P - a ring of poison resistance
 V - a ring of ice
Wands
 c - a wand of warping (4)
 A - a wand of digging (13)
 E - a wand of charming (8)
 J - a wand of flame (20)
 K - a wand of light (10)
Scrolls
 b - 5 scrolls of identify
 e - 3 scrolls of fog
 g - 3 scrolls of fear
 i - a scroll of enchant armour
 l - 4 scrolls of enchant weapon
 m - 5 scrolls of amnesia
 o - 8 scrolls of teleportation
 p - 3 scrolls of poison
 r - 2 scrolls of blinking
 s - 4 scrolls of vulnerability
 x - 5 scrolls of immolation
 y - 4 scrolls of revelation
Potions
 f - 3 potions of enlightenment {unknown}
 h - a potion of cancellation {unknown}
 k - 7 potions of brilliance {unknown}
 n - 3 potions of degeneration
 B - 3 potions of magic {unknown}
 C - 2 potions of haste {unknown}
 F - 7 potions of curing
 G - 4 potions of resistance {unknown}
 H - 2 potions of mutation {unknown}
 N - a potion of ambrosia
 O - 2 potions of berserk rage {unknown}
 R - a potion of lignification
 X - a potion of might
Miscellaneous
 t - a tin of tremorstones (2/2)
 S - a phial of floods
 T - a box of beasts


   Skills:
 + Level 15.6 Fighting
 + Level 15.4 Polearms
 + Level 15.7 Armour
 + Level 6.0 Dodging
 + Level 15.6 Shields


You had 13 spell levels left.
You didn't know any spells.
Your spell library contained the following spells:

 Spells                   Type           Power      Damage    Failure   Level
 Freeze                   Ice            0%         1d3       99%         1
 Slow                     Hex            0%         N/A       99%         1
 Blink                    Tloc           0%         N/A       100%        2
 Ensorcelled Hibernation  Hex/Ice        0%         N/A       100%        2
 Jinxbite                 Hex            0%         N/A       100%        2
 Lesser Beckoning         Tloc           0%         N/A       100%        2
 Mercury Vapours          Alch/Air       0%         N/A       100%        2
 Confusing Touch          Hex            0%         N/A       100%        3
 Frozen Ramparts          Ice            0%         1d1       100%        3
 Fugue of the Fallen      Necr           0%         N/A       100%        3
 Hailstorm                Conj/Ice       0%         3d5       100%        3
 Mephitic Cloud           Conj/Alch/Air  0%         N/A       100%        3
 Sigil of Binding         Hex            0%         N/A       100%        3
 Tukima's Dance           Hex            0%         N/A       100%        3
 Vampiric Draining        Necr           0%         2d6       100%        3
 Volatile Blastmotes      Fire/Tloc      0%         2d10      100%        3
 Anguish                  Hex/Necr       0%         N/A       100%        4
 Dimensional Bullseye     Hex/Tloc       0%         N/A       100%        4
 Fulminant Prism          Conj/Alch      0%         3d5       100%        4
 Ignite Poison            Fire/Alch      0%         N/A       100%        4
 Iskenderun's Mystic Bla  Conj/Tloc      0%         2d3       100%        4
 Sticky Flame             Fire/Alch      0%         2d4       100%        4
 Summon Blazeheart Golem  Fire/Summ      0%         N/A       100%        4
 Freezing Cloud           Conj/Ice/Air   0%         6-21      100%        5
 Orb of Destruction       Conj           0%         9d5       100%        7
 Spellforged Servitor     Conj/Summ      0%         N/A       100%        7
 Ignition                 Fire           0%         3d3       100%        8
 Chain Lightning          Conj/Air       0%         N/A       100%        9
 Fire Storm               Conj/Fire      0%         5d1       100%        9
 Shatter                  Erth           0%         3d5*      100%        9


Dungeon Overview and Level Annotations

Branches:
Dungeon (13/15)            Temple (1/1) D:4            Lair (5/5) D:10
 Shoals (1/4) Lair:2       Spider (0/4) Lair:3        Slime (0/5) Lair:5
    Orc (0/2) D:10         Vaults (0/5) D:13        Volcano (visited)

Altars:
Ashenzari
Cheibriados
Dithmenos
Elyvilon
Fedhas
Gozag
Hepliaklqana
Kikubaaqudgha
Makhleb
Nemelex Xobeh
Okawaru
Qazlal
Ru
Sif Muna
Trog
Uskayaw
Vehumet
Wu Jian
Xom
Yredelemnul
Zin
The Shining One

Shops:
D:7 :   D:8 *   Lair:2 [=(=

Portals:
Trove: D:13 (give 15 scrolls of teleportation)

Annotations:
D:9 2 transporters, lunkers's ghost, novice MDCA
D:10 exclusion: obsidian statue


Innate Abilities, Weirdness & Mutations

You have a pair of horns on your head.
You reflexively headbutt those who attack you in melee.


Message History

The tentacle slaps you but does no damage.
You block the tentacle's attack. You block the kraken's attack.
The tentacle slaps you. The tentacle slaps you!
You impale the kraken!!
You headbutt the kraken, but do no damage.
The kraken is heavily wounded.
You block the tentacle's attack. x2; You block the kraken's attack.
The tentacle slaps you.
The tentacle slaps you but does no damage.
The tentacle misses you. The tentacle slaps you. The kraken closely misses you.
You puncture the kraken!
The kraken is heavily wounded.
The tentacle slaps you. You block the tentacle's attack. x2
The tentacle closely misses you. You block the kraken's attack.
The tentacle slaps you but does no damage.
The tentacle slaps you! x2
The tentacle slaps you but does no damage.
You impale the kraken!!
The kraken is severely wounded.
You block the tentacle's attack. The tentacle slaps you!
The tentacle slaps you but does no damage. x2
You block the kraken's attack.
You puncture the kraken! You headbutt the kraken.
The kraken is severely wounded.
The tentacle barely misses you. You furiously retaliate!
You headbutt the tentacle! The tentacle barely misses you.
You block the tentacle's attack. x2; The kraken barely misses you.
You block the tentacle's attack.
The tentacle slaps you but does no damage.
The tentacle slaps you! The tentacle slaps you.
The kraken bites you but does no damage.
You puncture the kraken! You headbutt the kraken.
The kraken is almost dead.
The tentacle slaps you!
* * * LOW HITPOINT WARNING * * *
You block the tentacle's attack. x2; The tentacle slaps you!
* * * LOW HITPOINT WARNING * * *
The kraken bites you!!
You die...
Your body crumbles into a pile of gold.

.~~~≈≈≈≈≈≈≈≈≈≈#
~~~≈≈≈≈≈≈≈≈≈≈≈#
~~~≈≈≈≈≈≈≈≈≈≈≈#
~~≈≈≈≈≈≈≈≈≈≈≈≈#
~~≈≈≈≈≈≈≈≈≈≈≈≈#
~~~~≈≈Λ≈≈≈≈≈≈≈#
~~~~~~~~~~~~~~│wXw≈≈≈≈≈#
..~......~~~~~│w@≈≈≈≈≈≈#
.....#....~~~≈≈w≈≈≈≈≈≈≈#
....##....~~~≈≈≈≈≈≈≈≈≈≈#
>~........~~~~≈≈≈≈≈≈≈≈≈#
......~..#.~~~≈≈≈≈≈≈≈≈≈#
.#....~.##..~~~≈≈≈≈≈≈≈≈#
.#....~.....~~~≈≈≈≈≈≈≈≈#
<.....~......~~≈≈≈≈≈≈≈≈#
..~~~~~.......~≈≈≈≈≈≈≈≈#


You could see a kraken and 4 tentacles.

Vanquished Creatures
  The ghost of Uczuh the Basher, a journeyman VSGl of Uskayaw (Lair:5)
  4 vault guards (D:13)
  5 hydras
  2 catoblepae
  2 two-headed ogres
  5 death yaks (Lair:5)
  A deep troll shaman (Lair:5)
  3 centaur warriors
  A deep elf knight (D:13)
  A skyshark (Lair:3)
  A deep elf zephyrmancer (D:13)
  An orc knight (D:13)
  3 ugly things
  3 cyclopes
  4 manticores
  2 orc sorcerers (D:13)
  A meliai (D:13)
  10 elephants
  5 black mambas
  2 torpor snails
  11 cane toads
  5 rime drakes
  A gargoyle (D:12)
  A kobold demonologist (D:13)
  5 komodo dragons
  2 unseen horrors
  2 yaktaurs (D:13)
  An efreet (D:13)
  A guardian mummy (D:13)
  A tengu conjurer (D:13)
  A queen bee (shapeshifter) (D:13)
  2 trolls
  A wind drake (Shoals:1)
  7 hornets (Lair:3)
  5 polar bears
  A harpy skeleton (Volcano)
  Grinder (D:6)
  3 dream sheep (Lair:3)
  13 blink frogs
  A slime creature (D:13)
  A centaur simulacrum (D:12)
  A jumping spider (Lair:3)
  A vampire (D:13)
  2 wyverns
  48 yaks
  2 wraiths
  3 humans (D:13)
  2 shadows
  2 redbacks (Lair:3)
  A steam dragon (D:10)
  3 acid dragons
  15 water moccasins
  10 orc warriors
  A sky beast (D:6)
  3 black bears
  2 ice beasts (D:5)
  An ogre (D:6)
  4 laughing skulls
  22 wolves
  3 centaurs
  A phantom (D:4)
  5 kobold brigands
  A weeping skull (Volcano)
  17 bullfrogs
  2 gnoll sergeants
  2 scorpions
  6 wights
  5 killer bees (D:9)
  6 howler monkeys
  A bombardier beetle (D:3)
  4 hounds
  5 jellies
  7 orc priests
  5 iguanas
  8 orc wizards
  7 adders
  11 gnolls
  A shadow imp (D:7)
  4 ufetubi
  4 dart slugs
  A ribbon worm (D:2)
  39 orcs
  3 bats
  11 endoplasms
  7 giant cockroaches
  4 goblins
  4 hobgoblins
  5 jackals
  29 kobolds
  3 quokkas
  4 ball pythons
  A frilled lizard (D:2)
  2 rats (D:1)
464 creatures vanquished.

Vanquished Creatures (others)
  A kobold (D:8)
1 creature vanquished.

Grand Total: 465 creatures vanquished

Notes
Turn   | Place    | Note
-------+----------+-------------------------------------------
     0 | D:1      | BeKind the Minotaur Fighter began the quest for the Orb.
     0 | D:1      | Reached XP level 1. HP: 19/19 MP: 0/0
    40 | D:1      | Reached XP level 2. HP: 27/27 MP: 1/1
   746 | D:1      | Reached XP level 3. HP: 31/33 MP: 2/2
   906 | D:2      | Reached XP level 4. HP: 17/40 MP: 3/3
  1665 | D:4      | Noticed a phantom
  2002 | D:3      | Reached XP level 5. HP: 44/47 MP: 4/4
  2217 | D:2      | Found a glowing silver altar of Zin.
  2819 | D:4      | Found a staircase to the Ecumenical Temple.
  2832 | D:4      | Reached skill level 5 in Fighting
  2832 | D:4      | Reached skill level 5 in Armour
  2832 | D:4      | Reached skill level 5 in Shields
  2841 | Temple   | Entered the Ecumenical Temple
  2856 | Temple   | Became a worshipper of Gozag Ym Sagoz the Greedy
  2877 | D:4      | Killed a phantom
  2878 | D:4      | Reached XP level 6. HP: 44/56 MP: 5/5
  3454 | D:5      | Entered Level 5 of the Dungeon
  3490 | D:5      | Noticed a wyvern
  3502 | D:5      | Found a broken altar of Ashenzari.
  3502 | D:5      | Found a bloodstained altar of Trog.
  4192 | D:5      | Reached skill level 5 in Polearms
  4316 | D:5      | Reached XP level 7. HP: 62/62 MP: 6/6
  4597 | D:5      | Killed a wyvern
  4847 | D:5      | Reached XP level 8. HP: 68/71 MP: 7/7
  5074 | D:5      | Found a stormy altar of Qazlal.
  5149 | D:5      | Found a faded altar of an unknown god.
  5152 | D:5      | Found a faded altar of an unknown god.
  5511 | D:6      | Noticed Grinder
  5528 | D:6      | Killed Grinder
  5876 | D:6      | Found a white marble altar of Elyvilon.
  6296 | D:7      | Reached XP level 9. HP: 61/81 MP: 8/8
  6854 | D:7      | Found Uwkuk's Book Shop.
  6901 | D:7      | Got Magic in Simple Steps
  7285 | D:7      | Identified the amulet "Zouzuydo" {Reflect rC++ Regen+ rCorr
                  | MP-9 SH+5}
  7945 | D:8      | Found Fovoero's CLEARANCE SALE!.
  8654 | D:9      | Found a glowing silver altar of Zin.
  8714 | D:9      | Reached XP level 10. HP: 91/91 MP: 0/9
  8800 | D:9      | Noticed a two-headed ogre
  8904 | D:9      | Found a transporter.
  8906 | D:9      | Noticed a two-headed ogre
  8907 | D:9      | Noticed a two-headed ogre
  8909 | D:9      | Identified the +6 dire flail of Bodily Harmony {flame,
                  | Str+4}
  8909 | D:9      | Noticed a two-headed ogre
  8910 | D:9      | Noticed a two-headed ogre
  8911 | D:9      | Noticed lunkers's ghost (novice MDCA)
  8920 | D:9      | Found a transporter.
  9121 | D:10     | Entered Level 10 of the Dungeon
  9121 | D:10     | Noticed a centaur warrior
  9126 | D:10     | Killed a centaur warrior
  9161 | D:10     | Noticed an obsidian statue
  9161 | D:10     | Found the +3 hat of Pondering {ponderous, Will+ MP+10
                  | Int+5}
  9250 | D:10     | Found a sparkling altar of Nemelex Xobeh.
  9286 | D:10     | Reached skill level 10 in Fighting
  9286 | D:10     | Reached skill level 10 in Armour
  9325 | D:10     | Reached skill level 10 in Shields
  9372 | D:10     | Found a staircase to the Lair.
  9400 | D:10     | Reached skill level 10 in Polearms
  9542 | D:10     | Noticed a manticore
  9550 | D:10     | Killed a manticore
  9721 | D:10     | Found a burning altar of Makhleb.
  9721 | D:10     | Found an iron altar of Okawaru.
 10115 | D:10     | Found a staircase to the Orcish Mines.
 10368 | D:11     | Noticed a cyclops
 10381 | D:11     | Killed a cyclops
 10382 | D:11     | Reached XP level 11. HP: 90/101 MP: 1/10
 10762 | D:11     | Noticed a two-headed ogre
 10767 | D:11     | Killed a two-headed ogre
 11056 | Lair:1   | Entered Level 1 of the Lair of Beasts
 11435 | Lair:1   | Got the Tome of the Blaze
 11704 | Lair:1   | Found a dark tunnel.
 11709 | Volcano  | Entered a volcano
 11801 | Volcano  | Noticed a skeletal warrior
 11811 | Volcano  | HP: 4/94 [skeletal warrior/+0 great sword of flaming (6)]
 12305 | Lair:1   | Reached XP level 12. HP: 79/108 MP: 2/11
 12844 | Lair:2   | Found a staircase to the Shoals.
 13473 | Lair:3   | Noticed a seven-headed hydra
 13562 | Lair:3   | Found a broken altar of Ashenzari.
 13596 | Lair:3   | Killed a seven-headed hydra
 13772 | Lair:3   | Found a hole to the Spider Nest.
 13797 | Lair:3   | Paralysed by a hornet for 2 turns
 14537 | Lair:4   | Reached XP level 13. HP: 118/123 MP: 3/12
 15454 | Lair:5   | Entered Level 5 of the Lair of Beasts
 15490 | Lair:5   | Found a staircase to the Slime Pits.
 15684 | Lair:5   | Identified the +8 great sword of Moral Flaws {drain, rElec
                  | rC- rCorr Stlth+}
 15862 | Lair:5   | Found a large runed translucent door.
 15862 | Lair:5   | Found a large runed translucent door.
 15931 | Lair:5   | Noticed Uczuh's ghost (journeyman VSGl)
 16110 | Lair:5   | HP: 4/125 [death yak (13)]
 16266 | Lair:5   | Reached skill level 15 in Armour
 16553 | Lair:5   | Killed Uczuh's ghost
 16554 | Lair:5   | Reached skill level 15 in Shields
 16873 | D:12     | Reached skill level 15 in Fighting
 16936 | D:12     | Reached skill level 1 in Dodging
 16994 | D:12     | Reached XP level 14. HP: 129/135 MP: 4/13
 17460 | D:13     | Reached skill level 15 in Polearms
 17957 | D:13     | Reached skill level 5 in Dodging
 17965 | D:13     | Found a gate to the Vaults.
 18601 | D:13     | Found a portal to a secret trove of treasure.
 18804 | Shoals:1 | Entered Level 1 of the Shoals
 18931 | Lair:2   | Bought a spiked plate armour for 672 gold pieces
 18931 | Lair:2   | Identified the +0 plate armour "Xeabri" {rF+ rC+ rN+} (You
                  | bought it in a shop on level 2 of the Lair of Beasts)
 19009 | Shoals:1 | Noticed a kraken
 19022 | Shoals:1 | Slain by a kraken

Illustrated notes

Levels and vault maps discovered:
D:1:      ebering_trefoil_3fold, layout_basic
D:2:      layout_basic, basic_altar, minmay_tetromino_t2
D:3:      layout_loops_corners, minmay_misc_feat_pillars, minmay_cut_off
D:4:      layout_rooms, minmay_temple_entry_stoned_glass
D:5:      layout_loops_ring, chequers_temple_overflow_minitemple
D:6:      layout_loops_ring, mainiacjoe_overflow_surrounded_room,
          grunt_ministairs_2, kennysheep_decorative_pillar,
          minmay_misc_feat_five, uniq_grinder
D:7:      layout_basic, serial_shops, shop
D:8:      layout_cave_pods, nicolae_shop_clearance
D:9:      layout_roguey, zin_statuary, gammafunk_ghost_smash
D:10:     layout_loops_ring, gammafunk_temple_overflow_elements,
          old_standard_altar, due_lair_maze_entry_diamond, david_orc_4,
          minmay_protected_statue
D:11:     layout_loops_cross
D:12:     layout_irregular_city
D:13:     layout_loops_corners, grunt_vaults_entry_fortified,
          nicolae_trove_entry_path_of_doom, minmay_the_grid_2x2
          [minmay_the_grid_minigrid_small_alt, minmay_the_grid_aliased_spiral,
          minmay_the_grid_square_x, minmay_the_grid_prize_inner_circle]
Temple:   nicolae_temple_two_arcs
Lair:1:   layout_small_grid, enter_volcano_4
Lair:2:   layout_chaotic_city, elwin_shoals_entry_rooms
Lair:3:   layout_roguey, spider_nest_entry_a, basic_altar,
          nicolae_quartered_pool_little, dreamdust_wasp_nest
Lair:4:   layout_roguey
Lair:5:   grunt_lair_end_beastmaster, layout_gridlike, slime_entry_2,
          ebering_ghost_disaster_area
Shoals:1: layout_shoals

Skill      XL: |  1  2  3  4  5  6  7  8  9 10 11 12 13 14 |
---------------+-------------------------------------------+-----
Fighting       | 4 5 6 7 9 10 12 13 15 | 15.6
Armour         | 4 5 6 7 9 10 12 13 15 | 15.7
Shields        | 4 5 6 7 9 10 12 13 15 | 15.6
Polearms       | 3 4 5 6 7 9 10 12 13 14 15 | 15.4
Dodging        | 1 6 |  6.0

Action                     |  1- 3 |  4- 6 |  7- 9 | 10-12 | 13-15 || total
---------------------------+-------+-------+-------+-------+-------++-------
  Melee: Trident           |    67 |   187 |   279 |   598 |   556 ||  1687
         Headbutt          |     6 |    17 |    29 |   108 |   119 ||   279
 Invoke: Call Merchant     |       |       |       |       |     4 ||     4
    Use: Potion            |       |     2 |     3 |     1 |     2 ||     8
         Scroll            |       |     2 |    10 |     6 |     1 ||    19
   Stab: Distracted        |       |       |       |     1 |     2 ||     3
         Petrified         |       |       |       |       |     8 ||     8
         Petrifying        |       |       |       |       |     1 ||     1
 Armour: Scale mail        |    28 |   147 |    44 |       |       ||   219
         Plate armour      |       |       |   149 |   369 |   445 ||   963
         Skin              |       |       |       |    36 |       ||    36
  Dodge: Dodged            |    17 |    75 |    54 |   105 |   114 ||   365
  Block: Buckler           |    12 |    41 |   107 |    11 |       ||   171
         Reflection        |       |       |     7 |    16 |    11 ||    34
         Kite shield       |       |       |       |   565 |   448 ||  1013

Table legend: (Time is in decaauts)
 A = Elapsed time spent in this place.
 B = Non-inter-level travel time spent in this place.
 C = Inter-level travel time spent in this place.
 D = Time resting spent in this place.
 E = Time spent auto-exploring this place.
 F = Levels seen in this place.
 G = Mean time per level.
                   A        B        C        D        E       F      G
               +--------+--------+--------+--------+--------+-----+--------+
         Total |  19277 |  17887 |   1390 |   1077 |  13435 |  21 |  918.0 |
       Dungeon |  13243 |  12415 |    828 |    870 |   9520 |  13 | 1018.7 |
        Temple |     31 |      4 |     27 |      0 |      0 |   1 |   31.0 |
          Lair |   5775 |   5257 |    518 |    207 |   3835 |   5 | 1155.0 |
        Shoals |     87 |     71 |     16 |      0 |     36 |   1 |   87.0 |
       Volcano |    139 |    139 |      0 |      0 |     44 |   1 |  139.0 |
               +--------+--------+--------+--------+--------+-----+--------+

Top non-repeatable levels by time:
     D:5: 1793 daAuts
  Lair:1: 1460 daAuts
    D:10: 1328 daAuts
    D:13: 1317 daAuts
     D:7: 1250 daAuts
     D:3: 1188 daAuts
  Lair:5: 1165 daAuts
  Lair:2: 1153 daAuts
     D:8: 1144 daAuts
  Lair:4: 1032 daAuts
  Lair:3: 964 daAuts
     D:6: 961 daAuts
     D:1: 879 daAuts
     D:2: 746 daAuts
    D:11: 694 daAuts
